 Dungeon Crawl Stone Soup version 0.16-a0-623-g20b2139 (webtiles) character file.

131482 PolkaDot the Convoker (level 16, 0/108 HPs)
             Began as a Vampire Summoner on Sept 18, 2014.
             Was the Champion of Sif Muna.
             Slain by a guardian serpent (15 damage)
             ... on Level 5 of the Snake Pit.
             The game lasted 04:40:09 (42889 turns).

PolkaDot the Convoker (Vampire Summoner)           Turns: 42889, Time: 04:40:09

HP   0/108       AC 17     Str  7      XL: 16   Next: 25%
MP   0/51        EV 10     Int 22      God: Sif Muna [******]
Gold 736         SH  4     Dex 14      Spells:  7 memorised,  5 levels left

rFire  + . .     SeeInvis +     T - staff of power
rCold  + + .     Clarity  .     F - +3 troll leather armour {Snorg}
rNeg   + + +     rCorr    .     S - +0 buckler {AC+3}
rPois  +         rRot     +     J - +2 hat of the Bear Spirit {Spirit, +Rage rN+ MR++}
rElec  .         Spirit   +     l - +0 cloak {rPois}
SustAb .         Warding  .     m - +1 pair of gloves
rMut   .         Stasis   .     U - +0 pair of boots
Gourm  .                        j - amulet of faith
MR     +++..                    C - ring of regeneration
                                P - ring of protection from fire

@: about to teleport, regenerating slowly, constricted, extremely resistant to
hostile enchantments, unstealthy
A: bottle blood, fangs 3, see invisible, spit poison 1, unbreathing
a: Spit Poison, Bat Form, Bottle Blood, Channel Energy, Forget Spell, Renounce
Religion, Evoke Berserk Rage
}: 1/15 runes: decaying


You were on level 5 of the Snake Pit.
You worshipped Sif Muna.
Sif Muna was exalted by your worship.
You were near bloodless.

You visited 6 branches of the dungeon, and saw 36 of its levels.

You collected 4389 gold pieces.
You spent 3653 gold pieces at shops.

Inventory:

Armour
 l - a +0 cloak of poison resistance (worn)
 m - a +1 pair of gloves (worn)
 F - a +3 troll leather armour (worn) {Snorg}
 J - the +2 hat of the Bear Spirit (worn) {Spirit, +Rage rN+ MR++}
   (You bought it in a shop on level 4 of the Dungeon)

   It protects you from negative energy.
   It affects your resistance to hostile enchantments.
   It lets you go berserk.
 S - a +0 buckler of protection (worn)
 U - a +0 pair of boots (worn)
Magical devices
 b - a wand of fire (8)
 d - a wand of invisibility (1)
 k - a wand of disintegration (14)
 n - a wand of paralysis (14)
 K - a wand of cold (1)
 M - a wand of fire (5)
 X - a wand of teleportation (6)
Scrolls
 c - 5 scrolls of identify
 e - 3 scrolls of amnesia
 f - 7 scrolls of magic mapping
 h - 18 scrolls of remove curse
 p - 9 scrolls of teleportation
 q - 5 scrolls of fog
 t - 8 scrolls of enchant weapon
 w - 5 scrolls of immolation
 D - 5 scrolls of recharging
 G - 3 scrolls of fear
 L - a scroll of silence
 Q - 2 scrolls of brand weapon
 V - a scroll of vulnerability
Jewellery
 j - an amulet of faith (around neck)
 u - an uncursed ring of sustain abilities
 C - a ring of regeneration (right hand)
 P - a ring of protection from fire (left hand)
Potions
 a - 3 potions of agility
 g - 2 potions of flight
 i - 8 potions of curing
 r - 6 potions of restore abilities
 x - 2 potions of cancellation
 A - a potion of resistance
 E - 3 potions of might
 H - 6 potions of cure mutation {!q}
 I - 4 potions of brilliance
Books
 o - a book of Power {god gift}

   Spells                             Type                      Level
   Fulminant Prism                    Conjuration/Hexes            4
   Iskenderun's Mystic Blast          Conjuration                  4
   Venom Bolt                         Conjuration/Poison           5
   Bolt of Magma                      Conjuration/Fire/Earth       5
   Iron Shot                          Conjuration/Earth            6
   Orb of Destruction                 Conjuration                  7
 y - a book of Dreams

   Spells                             Type                      Level
   Ensorcelled Hibernation            Hexes/Ice                    2
   Flight                             Charms/Air                   3
   Phase Shift                        Translocation                5
   *Shadow Creatures                  Summoning                    5
   Mass Confusion                     Hexes                        6
   Darkness                           Hexes                        7
 z - Fichuich's Guide on the Quantum Escort {god gift}
   (Sif Muna gifted it to you on level 2 of the Orcish Mines)

   Spells                             Type                      Level
   Call Imp                           Summoning                    2
   Abjuration                         Summoning                    3
   Portal Projectile                  Translocation                3
   *Summon Ice Beast                  Ice/Summoning                4
   Dispersal                          Translocation                6
 B - a book of the Warp

   Spells                             Type                      Level
   Control Teleport                   Charms/Translocation         4
   Phase Shift                        Translocation                5
   Warp Weapon                        Charms/Translocation         5
   Dispersal                          Translocation                6
   Controlled Blink                   Translocation                7
   Disjunction                        Translocation                8
 R - a book of Enchantments

   Spells                             Type                      Level
   Tukima's Dance                     Hexes                        3
   Cause Fear                         Hexes                        4
   Silence                            Hexes/Air                    5
   Deflect Missiles                   Charms/Air                   6
   Haste                              Charms                       6
   Discord                            Hexes                        8
 W - Sif Muna's Grimoire of Calling and Orientation {god gift}
   (Sif Muna gifted it to you on level 15 of the Dungeon)

   Spells                             Type                      Level
   Summon Butterflies                 Summoning                    1
   Recall                             Summoning/Translocation      3
   Aura of Abjuration                 Summoning                    6
   *Malign Gateway                    Summoning/Translocation      7
 Z - Twiocvut's Reference Book on the Spatial Entourage {god gift}
   (Sif Muna gifted it to you on level 3 of the Snake Pit)

   Spells                             Type                      Level
   *Apportation                       Translocation                1
   Abjuration                         Summoning                    3
   Call Canine Familiar               Summoning                    3
   Teleport Other                     Translocation                3
   *Shadow Creatures                  Summoning                    5
   Summon Demon                       Summoning                    5
Magical staves
 T - an uncursed staff of power (weapon)


   Skills:
 - Level 4.5 Fighting
 - Level 5.0 Armour
 - Level 2.1 Dodging
 - Level 3.0 Stealth
 - Level 1.0 Shields
 + Level 11.4 Spellcasting
 - Level 12.3 Hexes
 - Level 16.0 Summonings
 * Level 12.0 Translocations
 - Level 10.0 Ice Magic
 - Level 6.0 Invocations


You had 5 spell levels left.
You knew the following spells:

 Your Spells              Type           Power        Failure   Level  Hunger
a - Apportation           Tloc           ######....   1%          1    None
g - Summon Guardian Gole  Hex/Summ       ######..     1%          4    None
i - Summon Ice Beast      Ice/Summ       ######..     1%          4    None
m - Monstrous Menagerie   Summ           ######....   1%          6    #####..
s - Shadow Creatures      Summ           N/A          1%          5    ###....
v - Summon Mana Viper     Hex/Summ       ######..     1%          5    ###....
M - Malign Gateway        Summ/Tloc      ######....   24%         7    #######


Dungeon Overview and Level Annotations

Branches:
Dungeon (15/15)            Temple (1/1) D:4             Orc (2/4) D:9
   Lair (8/8) D:10          Swamp (5/5) Lair:4        Snake (5/5) Lair:5
  Slime (0/6) Lair:7       Vaults (0/5) D:14         Depths (0/5) D:15

Altars:
Ashenzari
Dithmenos
Elyvilon
Gozag
Kikubaaqudgha
Makhleb
Nemelex Xobeh
Okawaru
Sif Muna
Trog
Vehumet
Xom
Zin
The Shining One

Shops:
D:4 [   D:8 [   D:13 :*%   D:14 [   D:15 *   Snake:3 ((   Snake:4 *%[!


Innate Abilities, Weirdness & Mutations

You heal slowly.
You can bottle blood from corpses.
You have razor-sharp teeth.
You have supernaturally acute eyesight.
You can survive without breathing.
You can spit poison.


Message History

Your manticore claws the naga ritualist.
Your manticore claws the naga ritualist!
Drink which item? (? for menu, Esc to quit)
Okay, then.
Unknown command.
Read which item? (? for menu, Esc to quit)
As you read the scroll of teleportation, it crumbles to dust.
You feel strangely unstable.
Your lindwurm is poisoned.
Your manticore is poisoned.
Your harpy claws the naga ritualist but does no damage.
Your harpy barely misses the naga ritualist.
Your harpy claws the guardian serpent! x2
The greater naga hits you with a whip!
* * * LOW MAGIC WARNING * * *;
* * * LOW HITPOINT WARNING * * *
The greater naga closely misses your anaconda.
The greater naga misses your anaconda.
The guardian serpent gestures with its tail.
The guardian serpent hits you!
* * * LOW MAGIC WARNING * * *
You die...

..........##....)....##Y.).......
........##....#...#...Y##.)).....
.......#.................#.......
......#............)......#......
...........#...<.<...#....#......
......#..(.....[))).......#......
......#.....)).[H..)......#......
.......#....).#NHS#......#.......
.......#.......H@k.......#.......
#.......#......NNN......#........
##..#....##....N.N....##......###
####..#######Y8YY.#######.####
#### ###S### ### #N# #S#


SSN .N. You could see a naga warrior (fleeing), 4 greater nagas, a naga
ritualist (fleeing), 3 guardian serpents, a friendly naga warrior, a friendly
anaconda, a friendly manticore, a friendly lindwurm, a friendly mana viper, a
friendly guardian golem, 2 friendly harpies, 3 friendly ice beasts and 2
friendly nagas.

Vanquished Creatures
  An unseen horror (D:13)
  A black mamba (Lair:5)
  A feature mimic (Lair:6)
  A centaur skeleton (D:14)
  A spiny frog (Lair:4)
  2 slime creatures (Lair:6)
  A yak (Lair:3)
  A hungry ghost (D:7)
  3 water moccasins
  A soldier ant (D:9)
  2 hippogriffs
  A wolf (Lair:7)
  9 porcupines
  An orc warrior (D:10)
  An ice beast (D:5)
  2 ogres
  A manticore skeleton (D:9)
  2 crocodiles
  2 centaurs
  9 giant frogs
  A scorpion (D:9)
  A water moccasin skeleton (D:6)
  A tengu zombie (D:14)
  A jelly (D:8)
  A yak skeleton (D:6)
  A wight (D:7)
  An eye of draining (D:10)
  A giant frog zombie (D:8)
  A quasit (D:7)
  2 crimson imps
  An orc priest (Orc:2)
  2 hounds
  2 iguanas
  3 orc wizards
  3 worker ants
  A sheep (Lair:8)
  A hound skeleton (D:7)
  2 worker ant zombies
  A gnoll (D:5)
  10 adders
  10 green rats
  An orc zombie (D:8)
  A shadow imp (D:12)
  An ufetubus (D:4)
  2 worms
  5 giant geckos
  27 orcs
  6 ball pythons
  A bat zombie (D:7)
  4 giant cockroaches
  15 hobgoblins
  6 jackals
  11 kobolds
  9 quokkas
  14 bats
  5 giant newts
  A gnoll zombie (D:6)
  14 goblins
  An orc skeleton (D:8)
  8 rats
  A fungus (Swamp:2)
223 creatures vanquished.

Vanquished Creatures (collateral kills)
  the Lernaean hydra (Swamp:5)
  Norris (Snake:3)
  Asterion (Swamp:1)
  The ghost of Grim the Tortoise, a mighty MiBe of Trog (Swamp:3)
  2 thorn hunters (Swamp:4)
  9 greater nagas
  Maud (Lair:5)
  A fire giant (D:15)
  Snorg (Lair:4)
  An ettin (D:14)
  23 hydras
  13 naga warriors
  Harold (Lair:4)
  Erica (Lair:5)
  4 centaur warriors
  10 anacondas
  13 alligators
  An ogre mage (D:15)
  2 shambling mangroves (Swamp:4)
  2 catoblepae
  9 shock serpents
  2 tengu warriors (D:15)
  5 naga sharpshooters
  A spriggan rider (Swamp:5)
  5 skeletal warriors (D:15)
  A salamander mystic (Snake:3)
  A sea snake (Snake:4)
  11 mana vipers
  An unseen horror (D:15)
  A deep troll (D:14)
  2 lindwurms
  5 naga ritualists
  8 swamp dragons
  6 hill giants
  2 manticores
  A red wasp (Swamp:2)
  A harpy (Swamp:5)
  An ugly thing (D:11)
  2 cyclopes
  2 orc knights
  A griffon (D:15)
  5 oklob plants
  6 elephants (Lair:8)
  4 guardian serpents
  10 salamanders
  34 black mambas
  A torpor snail (Lair:3)
  2 kobold demonologists
  3 gargoyles
  20 naga magi
  38 spiny frogs
  10 komodo dragons
  3 two-headed ogres
  3 trolls
  3 spriggan druids
  2 polar bears (Lair:6)
  7 giant leeches
  2 fire drakes
  19 bog bodies
  32 blink frogs
  10 slime creatures
  18 ravens
  A hydra skeleton (D:12)
  14 baby alligators
  2 deep elf magi
  A boulder beetle (Lair:6)
  10 spriggans
  5 basilisks
  A griffon skeleton (D:10)
  The ghost of bronies4ever the Ruffian, an average TrMo (D:3)
  4 wyverns
  A yak (shapeshifter) (D:14)
  49 yaks
  A hill giant zombie (D:8)
  A wraith (D:15)
  Eustachio (D:4)
  9 hippogriffs
  3 shadows
  Grum (Orc:1)
  A deep elf fighter (D:15)
  45 water moccasins
  A hill giant skeleton (D:10)
  A steam dragon (D:12)
  28 wolves
  A mottled dragon (D:15)
  31 swamp worms
  A tengu zombie (D:13)
  62 nagas
  33 vampire mosquitoes
  A soldier ant (D:9)
  2 wargs
  12 porcupines
  14 swamp drakes
  2 sky beasts
  14 spiders
  14 ogres
  5 ice beasts
  13 orc warriors
  10 yellow wasps
  2 phantoms
  A boring beetle (Lair:5)
  18 crocodiles
  6 big kobolds
  16 centaurs
  4 boggarts (D:15)
  Sigmund (D:3)
  3 brain worms
  2 gnoll sergeants
  27 giant frogs
  16 insubstantial wisps
  An eye of draining (shapeshifter) (D:14)
  7 scorpions
  A cyclops skeleton (D:11)
  7 killer bees
  12 wights
  4 electric eels
  8 crimson imps
  8 hounds
  2 goliath beetles
  10 orc priests
  A centaur skeleton (D:4)
  A giant frog skeleton (D:4)
  4 jellies
  An iron imp (D:15)
  11 orc wizards
  A black bear skeleton (D:7)
  4 worker ants
  7 iguanas
  A brain worm zombie (D:15)
  7 sheep (Lair:8)
  22 adders
  35 green rats
  11 gnolls
  2 worms
  3 shadow imps
  2 ufetubi (D:4)
  2 orc zombies
  An adder skeleton (D:7)
  An ooze (D:3)
  86 orcs
  5 bats
  A bat skeleton (D:4)
  7 goblins
  7 hobgoblins
  7 jackals
  15 kobolds
  3 quokkas
  2 ball pythons (Lair:5)
  2 giant newts (D:4)
  A giant spore (D:11)
  4 rats
  12 ballistomycetes
  3 fungi (Lair:8)
  6 plants
1219 creatures vanquished.

Vanquished Creatures (others)
  A sphinx (Swamp:5)
  2 eldritch tentacles (Snake:5)
  3 hydras
  An anaconda (Snake:5)
  3 alligators
  A catoblepas (Lair:4)
  26 lindwurms
  A salamander mystic (Snake:4)
  27 manticores
  A swamp dragon (Swamp:5)
  31 harpies
  26 mana vipers
  A salamander (Snake:4)
  2 naga magi (Snake:5)
  A guardian serpent (Snake:3)
  5 black mambas
  4 spiny frogs
  An efreet (D:15)
  A troll (D:15)
  16 guardian golems
  3 giant leeches
  3 baby alligators (Swamp:1)
  2 ravens
  A two-headed ogre (D:15)
  2 blink frogs (Swamp:5)
  2 slime creatures
  2 shadows
  2 wraiths
  3 nagas
  A hippogriff (D:15)
  4 vampire mosquitoes
  5 wargs
  33 wolves
  10 water moccasins
  9 swamp drakes
  143 ice beasts
  A centaur (D:14)
  2 crocodiles
  A giant frog (D:15)
  A cyclops zombie (D:15)
  6 insubstantial wisps
  A cyclops skeleton (D:15)
  2 crimson imps (D:3)
  A worker ant (D:14)
  13 hounds
  An orc (Orc:1)
  2 quokkas
  3 bats
  4 giant spores
  A goblin (Orc:1)
  A rat (D:3)
  2 briar patches (Swamp:5)
  4 bushes (D:10)
  152 eldritch tentacle segments (Snake:5)
  22 fungi
  15 plants
614 creatures vanquished.

Grand Total: 2056 creatures vanquished

Notes
Turn   | Place    | Note
--------------------------------------------------------------
     0 | D:1      | PolkaDot, the Vampire Summoner, began the quest for the Orb.
     0 | D:1      | Reached XP level 1. HP: 13/13 MP: 3/3
   334 | D:1      | Reached XP level 2. HP: 13/19 MP: 4/4
  1148 | D:2      | Found a sparkling altar of Nemelex Xobeh.
  1206 | D:2      | Reached skill level 5 in Summonings
  1206 | D:2      | Reached XP level 3. HP: 8/24 MP: 1/6
  1683 | D:3      | Noticed Sigmund
  1688 | D:3      | Found an ancient bone altar of Kikubaaqudgha.
  1689 | D:3      | Found a shadowy altar of Dithmenos.
  1696 | D:3      | Killed Sigmund
  1696 | D:3      | Reached skill level 6 in Summonings
  1696 | D:3      | Reached XP level 4. HP: 20/30 MP: 3/7
  1747 | D:3      | Found a glowing silver altar of Zin.
  1941 | D:3      | Learned a level 3 spell: Call Canine Familiar
  1944 | D:3      | Learned a level 2 spell: Call Imp
  2086 | D:3      | Found a shattered altar of Ashenzari.
  2099 | D:3      | Reached XP level 5. HP: 24/35 MP: 9/9
  2823 | D:3      | Noticed bronies4ever's ghost (average TrMo)
  2893 | D:3      | Killed bronies4ever's ghost
  2893 | D:3      | Reached skill level 7 in Summonings
  2995 | D:3      | Gained mutation: You can spit poison. [potion of mutation]
  2995 | D:3      | Gained mutation: You are robust (+10% HP). [potion of mutation]
  2995 | D:3      | Lost mutation: You are robust (+10% HP). [potion of mutation]
  3214 | D:4      | Reached XP level 6. HP: 41/41 MP: 6/10
  3400 | D:4      | Noticed Eustachio
  3591 | D:4      | Killed Eustachio
  3795 | D:4      | Found Keneeme's Armour Shoppe.
  3810 | D:4      | Reached skill level 8 in Summonings
  4313 | D:4      | Found a staircase to the Ecumenical Temple.
  4340 | Temple   | Entered the Ecumenical Temple
  4349 | Temple   | Became a worshipper of Sif Muna the Loreminder
  4374 | D:4      | Reached XP level 7. HP: 38/46 MP: 1/12
  4528 | D:4      | Learned a level 4 spell: Summon Ice Beast
  4877 | D:5      | Entered Level 5 of the Dungeon
  4877 | D:5      | Found a bloodstained altar of Trog.
  5075 | D:5      | Reached skill level 1 in Ice Magic
  6227 | D:6      | Acquired Sif Muna's first power
  6241 | D:6      | Reached skill level 9 in Summonings
  6423 | D:6      | Reached XP level 8. HP: 49/52 MP: 13/13
  6691 | D:6      | Reached skill level 5 in Ice Magic
  7480 | D:7      | Found an opulent altar of Gozag.
  7483 | D:7      | Acquired Sif Muna's second power
  8247 | D:7      | Reached XP level 9. HP: 57/57 MP: 2/14
  8642 | D:8      | Reached skill level 10 in Summonings
  9399 | D:8      | Found Tayd Qukk's Antique Armour Boutique.
  9412 | D:8      | Bought a bloodstained buckler for 266 gold pieces
  9412 | D:8      | Bought a runed cloak for 126 gold pieces
  9418 | D:8      | Identified the +3 buckler "Fysmyug" {Str-4 Dex+2} (You bought it in a shop on level 8 of the Dungeon)
 10021 | D:8      | Noticed a cyan ugly thing
 10722 | D:9      | Found a staircase to the Orcish Mines.
 10980 | D:9      | Acquired Sif Muna's third power
 11068 | D:9      | Found an iron altar of Okawaru.
 11082 | D:9      | Noticed a kobold demonologist
 11112 | D:9      | Killed a kobold demonologist
 11136 | D:9      | Reached skill level 10 in Ice Magic
 11375 | D:9      | Reached XP level 10. HP: 42/63 MP: 2/16
 11795 | D:9      | Noticed a centaur warrior
 11815 | D:9      | Killed a centaur warrior
 11815 | D:9      | Reached skill level 11 in Summonings
 11815 | D:9      | Reached skill level 1 in Invocations
 11957 | D:9      | Learned a level 4 spell: Summon Guardian Golem
 11976 | D:10     | Entered Level 10 of the Dungeon
 12002 | D:10     | Noticed a hill giant
 12011 | D:10     | Killed a hill giant
 12011 | D:10     | Reached skill level 1 in Hexes
 12472 | D:10     | Found a shimmering altar of Xom.
 12562 | D:10     | Noticed a hill giant
 12572 | D:10     | Killed a hill giant
 12660 | D:10     | Found a white marble altar of Elyvilon.
 12675 | D:10     | Reached skill level 5 in Hexes
 12805 | D:10     | Found a staircase to the Lair.
 13555 | D:10     | Noticed an orc knight
 13571 | D:10     | Killed an orc knight
 13731 | Lair:1   | Entered Level 1 of the Lair of Beasts
 13759 | D:10     | Reached XP level 11. HP: 53/68 MP: 20/20
 14079 | D:4      | Bought the +2 hat of the Bear Spirit {Spirit, +Rage rN+ MR++} for 408 gold pieces
 14487 | Lair:1   | You fall through a shaft!
 14607 | Lair:1   | Found a shimmering altar of Xom.
 14623 | Lair:1   | Reached skill level 12 in Summonings
 15138 | Lair:1   | Received a gift from Sif Muna
 15139 | Lair:1   | Identified Sif Muna's Incunabulum of Cold {god gift} (Sif Muna gifted it to you on level 1 of the Lair of Beasts)
 15315 | Lair:1   | Noticed an eight-headed hydra
 15321 | Lair:1   | Killed an eight-headed hydra
 15534 | Lair:2   | Reached skill level 10 in Hexes
 16401 | Lair:3   | Reached skill level 5 in Invocations
 16775 | Lair:3   | Learned a level 5 spell: Summon Mana Viper
 17184 | Lair:3   | Noticed a catoblepas
 17216 | Lair:3   | Killed a catoblepas
 17613 | Lair:4   | Noticed a catoblepas
 17646 | Lair:4   | Killed a catoblepas
 17688 | Lair:4   | Found a staircase to the Swamp.
 17932 | Lair:4   | Noticed Harold
 17943 | Lair:4   | Killed Harold
 18008 | Lair:4   | Found a glowing golden altar of the Shining One.
 18220 | Lair:4   | Noticed Snorg
 18241 | Lair:4   | Killed Snorg
 18588 | Lair:4   | Reached XP level 12. HP: 74/74 MP: 1/21
 19337 | Lair:5   | Found a staircase to the Snake Pit.
 19402 | Lair:5   | Noticed Erica
 19412 | Lair:5   | Killed Erica
 19412 | Lair:5   | Reached skill level 1 in Armour
 19488 | Lair:5   | Noticed Maud
 19501 | Lair:5   | Killed Maud
 19686 | Lair:5   | Reached skill level 5 in Spellcasting
 19865 | Lair:5   | Received a gift from Sif Muna
 19865 | Lair:5   | Reached skill level 13 in Summonings
 19866 | Lair:5   | Identified Sif Muna's Volume of Hexes and Creation {god gift} (Sif Muna gifted it to you on level 5 of the Lair of Beasts)
 20964 | Lair:6   | Noticed an eight-headed hydra
 20973 | Lair:6   | Killed an eight-headed hydra
 21326 | Lair:6   | Learned a level 6 spell: Monstrous Menagerie
 21565 | Lair:6   | Found a staircase to the Slime Pits.
 21569 | Lair:6   | the staircase to the Slime Pits was a mimic.
 23053 | Lair:7   | Got a distressingly furry robe
 23064 | Lair:7   | Identified the cursed -2 robe of Modesty {rElec rN+ Int+3} (You found it on level 7 of the Lair of Beasts)
 23448 | Lair:7   | Found a staircase to the Slime Pits.
 23517 | Lair:8   | Entered Level 8 of the Lair of Beasts
 23555 | Lair:8   | Reached skill level 5 in Armour
 23853 | Lair:8   | Reached XP level 13. HP: 48/80 MP: 12/27
 23952 | Lair:8   | Reached skill level 14 in Summonings
 23978 | Lair:8   | Reached skill level 1 in Fighting
 24108 | Lair:8   | Received a gift from Sif Muna
 24605 | Lair:8   | Learned a level 5 spell: Shadow Creatures
 24606 | Lair:8   | Got a crude chain mail
 24617 | Lair:8   | Identified the -11 chain mail "Aladiun" {rC+ MR++} (You found it on level 8 of the Lair of Beasts)
 24920 | D:11     | Got a jewelled quarterstaff
 24921 | D:11     | Identified the +4 quarterstaff "Klalarch" {drain, Str+2 SInv} (You found it on level 11 of the Dungeon)
 26532 | D:13     | Found Udozer's Assorted Antiques.
 26732 | D:13     | Found Varramar's Food Shop.
 27128 | D:13     | Found Meadurin's Book Emporium.
 28213 | D:14     | Found a gate to the Vaults.
 28347 | D:14     | Found Qiutur's Armour Shop.
 28352 | D:14     | Bought a +0 buckler of protection for 218 gold pieces
 28419 | D:15     | Entered Level 15 of the Dungeon
 28419 | D:15     | Found Heaff's Assorted Antiques.
 28486 | D:15     | Noticed a fire giant
 28513 | D:15     | Killed a fire giant
 28529 | D:15     | Found a staircase to the Depths.
 28591 | D:15     | Reached skill level 1 in Shields
 28631 | D:15     | Received a gift from Sif Muna
 28650 | D:15     | Identified Sif Muna's Grimoire of Calling and Orientation {god gift} (Sif Muna gifted it to you on level 15 of the Dungeon)
 28796 | D:15     | Reached XP level 14. HP: 88/96 MP: 24/31
 29013 | D:15     | Learned a level 7 spell: Malign Gateway
 29141 | D:15     | Reached skill level 1 in Translocations
 29524 | D:15     | Found a glowing golden altar of the Shining One.
 29763 | Swamp:1  | Entered Level 1 of the Swamp
 30281 | Swamp:1  | Reached skill level 15 in Summonings
 30517 | Swamp:1  | Noticed Asterion
 30522 | Swamp:1  | Noticed a spectral weapon
 30537 | Swamp:1  | Killed Asterion
 31835 | Swamp:2  | Reached skill level 5 in Translocations
 32217 | Swamp:3  | Noticed Grim's ghost (mighty MiBe)
 32238 | Swamp:3  | Killed Grim's ghost
 32238 | Swamp:3  | Received a gift from Sif Muna
 32239 | Swamp:3  | Identified Sif Muna's Magic in Simple Steps {god gift} (Sif Muna gifted it to you on level 3 of the Swamp)
 32509 | Swamp:3  | Got a brightly glowing glaive
 32515 | Swamp:3  | Identified the cursed -2 glaive of the Forgotten Lies {chop, rElec rF++ Int-2} (You found it on level 3 of the Swamp)
 32804 | Swamp:3  | Found an iron altar of Okawaru.
 33870 | Swamp:4  | Noticed a thorn hunter
 33880 | Swamp:4  | Killed a thorn hunter
 34172 | Swamp:4  | Noticed a thorn hunter
 34180 | Swamp:4  | Killed a thorn hunter
 34192 | Swamp:4  | Received a gift from Sif Muna
 34518 | Swamp:5  | Entered Level 5 of the Swamp
 34871 | Swamp:5  | Reached XP level 15. HP: 96/101 MP: 15/32
 35037 | Swamp:5  | Noticed the 27-headed Lernaean hydra
 35068 | Swamp:5  | Killed the 27-headed Lernaean hydra
 35153 | Swamp:5  | Got a decaying rune of Zot
 35267 | Swamp:5  | Reached skill level 16 in Summonings
 35870 | D:13     | Bought a book of Ice for 1105 gold pieces
 36172 | Orc:1    | Entered Level 1 of the Orcish Mines
 36172 | Orc:1    | Noticed Grum
 36181 | Orc:1    | Killed Grum
 36732 | Orc:2    | Found a burning altar of Makhleb.
 36744 | Orc:2    | Received a gift from Sif Muna
 36745 | Orc:2    | Identified Fichuich's Guide on the Quantum Escort {god gift} (Sif Muna gifted it to you on level 2 of the Orcish Mines)
 37284 | D:13     | Bought a book of the Warp for 1530 gold pieces
 37462 | Snake:1  | Entered Level 1 of the Snake Pit
 38303 | Snake:2  | Reached skill level 10 in Spellcasting
 39273 | Snake:3  | Found Tales' Weapon Shop.
 39319 | Snake:3  | Noticed Norris
 39331 | Snake:3  | Killed Norris
 39331 | Snake:3  | Reached skill level 10 in Translocations
 39610 | Snake:3  | Found Mobutin's Weapon Emporium.
 39645 | Snake:3  | Received a gift from Sif Muna
 39646 | Snake:3  | Identified Twiocvut's Reference Book on the Spatial Entourage {god gift} (Sif Muna gifted it to you on level 3 of the Snake Pit)
 39649 | Snake:3  | Learned a level 1 spell: Apportation
 40579 | Snake:4  | Found Cythrima's General Store.
 40938 | Snake:4  | Found Ynijaacs' Distillery.
 41146 | Snake:4  | Found Koiczah's Antique Armour Emporium.
 41151 | Snake:4  | Found Xakhang's Food Shop.
 41672 | Snake:5  | Entered Level 5 of the Snake Pit
 41679 | Snake:5  | Reached XP level 16. HP: 75/108 MP: 5/34
 41813 | Snake:5  | Received a gift from Sif Muna
 42889 | Snake:5  | Slain by a guardian serpent

Action                   |  1- 3 |  4- 6 |  7- 9 | 10-12 | 13-15 | 16-18 || total
-------------------------+-------+-------+-------+-------+-------+-------++-------
Melee: Dagger            |    83 |       |       |       |       |       ||    83
       Unarmed           |     2 |       |       |       |       |       ||     2
       Short sword       |     8 |       |       |       |       |       ||     8
       Mace              |    42 |    78 |       |       |       |       ||   120
       Flail             |       |    64 |    49 |       |       |       ||   113
       Spear             |       |       |   358 |   616 |       |       ||   974
       Staff             |       |       |       |    27 |   460 |     4 ||   491
 Cast: Summon Small Mamm |    19 |    19 |     6 |       |       |       ||    44
       Call Imp          |       |    14 |     7 |       |       |       ||    21
       Call Canine Famil |       |    13 |    37 |    63 |     7 |       ||   120
       Summon Ice Beast  |       |       |    66 |   286 |   307 |    26 ||   685
       Summon Guardian G |       |       |       |    26 |    31 |     6 ||    63
       Summon Mana Viper |       |       |       |    57 |   112 |    35 ||   204
       Monstrous Menager |       |       |       |     4 |   375 |    30 ||   409
       Shadow Creatures  |       |       |       |       |   311 |    33 ||   344
       Malign Gateway    |       |       |       |       |     1 |     1 ||     2
Invok: Channel Energy    |       |       |   119 |   573 |  2138 |   234 ||  3064
 Abil: Spit Poison       |       |     4 |       |       |       |       ||     4
       Bottle Blood      |       |       |    25 |    72 |    34 |       ||   131
Evoke: Wand              |       |       |     1 |     5 |    13 |       ||    19
  Use: Potion            |     2 |     9 |    19 |    99 |    38 |     7 ||   174
       Scroll            |       |    12 |     6 |    20 |    13 |     6 ||    57
 Stab: Sleeping          |     4 |     4 |    18 |     6 |     5 |       ||    37
       Distracted        |     1 |     2 |     6 |    10 |    11 |       ||    30
       Confused          |       |       |       |     1 |       |       ||     1
       Paralysed         |       |       |       |       |     4 |       ||     4
  Eat: Corpse            |    13 |    15 |    38 |    92 |   197 |    17 ||   372
